% Time on Ice - KELOWNA ROCKETS
Lines # - Real PCT - Wanted PCT - Time Play
Normal Forward
1 - 35% - 41% - 18:08
2 - 27% - 39% - 14:12
3 - 12% - 20% - 6:06
4 - 27% - 0% - 13:54
Normal Defense
1 - 34% - 40% - 17:37
2 - 32% - 38% - 16:56
3 - 30% - 22% - 15:40
4 - 4% - 0% - 2:07
PP Forward
1 - 15% - 65% - 0:09
2 - 85% - 35% - 0:50
PP Defense
1 - 85% - 60% - 0:50
2 - 15% - 40% - 0:09
PK Forward
1 - 73% - 60% - 3:38
2 - 27% - 40% - 1:19
PK Defense
1 - 48% - 55% - 2:23
2 - 52% - 45% - 2:34
PK3 Forward
1 - 0% - 55%
2 - 0% - 45%
PK3 Defense
1 - 0% - 55%
2 - 0% - 45%
44 Forward
1 - 85% - 55% - 0:51
2 - 15% - 45% - 0:09
44 Defense
1 - 30% - 55% - 0:18
2 - 70% - 45% - 0:42
Last Minute Offensive  - 0:00
Last Minute Defensive  - 0:44
Total
Forward - 60:00
Defense - 60:00
% Time on Ice - SAN FRANCISCO SPIDERS
Lines # - Real PCT - Wanted PCT - Time Play
Normal Forward
1 - 28% - 32% - 14:46
2 - 33% - 31% - 17:14
3 - 24% - 25% - 12:27
4 - 15% - 12% - 7:41
Normal Defense
1 - 31% - 36% - 16:19
2 - 34% - 36% - 17:56
3 - 27% - 15% - 14:07
4 - 7% - 13% - 3:46
PP Forward
1 - 72% - 50% - 3:33
2 - 28% - 50% - 1:24
PP Defense
1 - 65% - 50% - 3:13
2 - 35% - 50% - 1:44
PK Forward
1 - 36% - 50% - 0:21
2 - 64% - 50% - 0:38
PK Defense
1 - 49% - 50% - 0:29
2 - 51% - 50% - 0:30
PK3 Forward
1 - 0% - 55%
2 - 0% - 45%
PK3 Defense
1 - 0% - 55%
2 - 0% - 45%
44 Forward
1 - 85% - 55% - 0:51
2 - 15% - 45% - 0:09
44 Defense
1 - 45% - 55% - 0:27
2 - 55% - 45% - 0:33
Last Minute Offensive  - 0:56
Last Minute Defensive  - 0:00
Total
Forward - 60:00
Defense - 60:00
Play-by-Play 1st period 0:01 of 1st period - Bo Horvat wins face-off versus Tyler Bertuzzi in neutral zone. 0:44 of 1st period - Shot by Auston Matthews. 0:44 of 1st period - Stopped by Igor Shesterkin with a rebound. 0:46 of 1st period - Shot by Tyler Bertuzzi. 0:46 of 1st period - Shot Misses the Net. 0:48 of 1st period - Shot by Auston Matthews. 0:48 of 1st period - Shot Misses the Net. 0:57 of 1st period - Icing by Andrei Svechnikov. 0:58 of 1st period - Bo Horvat wins face-off versus Anthony Cirelli in SAN FRANCISCO SPIDERS zone. 1:13 of 1st period - Shot by Pavel Buchnevich. 1:13 of 1st period - Shot Misses the Net. 1:23 of 1st period - Shot by Eeli Tolvanen. 1:23 of 1st period - Shot Misses the Net. 1:36 of 1st period - Shot by Pavel Buchnevich. 1:36 of 1st period - Shot Misses the Net. 2:14 of 1st period - Shot by Keegan Kolesar. 2:14 of 1st period - Shot Blocked by Jordan Oesterle. 2:16 of 1st period - Shot by Jonas Siegenthaler. 2:16 of 1st period - Deflect By Keegan Kolesar. 2:16 of 1st period - Shot Misses the Net. 3:20 of 1st period - Shot by Darnell Nurse. 3:20 of 1st period - Stopped by Sergei Bobrovsky with a rebound. 5:09 of 1st period - Icing by Sean Walker. 5:10 of 1st period - Calle Jarnkrok wins face-off versus Noah Gregor in SAN FRANCISCO SPIDERS zone. 5:59 of 1st period - Darnell Nurse is hit by Pavel Buchnevich. 6:26 of 1st period - Shot by Pavel Buchnevich. 6:26 of 1st period - Deflect By Vladimir Tarasenko. 6:26 of 1st period - Shot Hit the Post. 6:28 of 1st period - Shot by Dmitri Orlov. 6:28 of 1st period - Stopped by Igor Shesterkin without a rebound. 6:29 of 1st period - Jason Spezza wins face-off versus Auston Matthews in SAN FRANCISCO SPIDERS zone. 6:29 of 1st period - Jason Spezza is hit by Tyler Bertuzzi. 7:15 of 1st period - Icing by Michael Anderson. 7:16 of 1st period - Jason Spezza wins face-off versus Anthony Cirelli in SAN FRANCISCO SPIDERS zone. 7:18 of 1st period - Kirby Dach is hit by Anthony Cirelli and loses puck. 8:28 of 1st period - Shot by Dmitri Orlov. 8:28 of 1st period - Stopped by Igor Shesterkin with a rebound. 8:42 of 1st period - Shot by Noah Gregor. 8:42 of 1st period - Shot Misses the Net. 8:59 of 1st period - Icing by Auston Matthews. 9:00 of 1st period - Bo Horvat wins face-off versus Auston Matthews in KELOWNA ROCKETS zone. 9:19 of 1st period - Shot by Tyler Bertuzzi. 9:19 of 1st period - Stopped by Igor Shesterkin without a rebound. 9:20 of 1st period - Nico Sturm wins face-off versus Anthony Cirelli in SAN FRANCISCO SPIDERS zone. 9:33 of 1st period - Shot by Vladimir Tarasenko. 9:33 of 1st period - Shot Misses the Net. 9:35 of 1st period - Shot by Pavel Buchnevich. 9:35 of 1st period - Shot Hit the Post. 9:45 of 1st period - Shot by Anthony Cirelli. 9:45 of 1st period - Shot Misses the Net. 9:47 of 1st period - Shot by Anthony Cirelli. 9:47 of 1st period - Stopped by Igor Shesterkin without a rebound. 9:48 of 1st period - Bo Horvat wins face-off versus Auston Matthews in SAN FRANCISCO SPIDERS zone. 10:17 of 1st period - Off-side. 10:18 of 1st period - Vladimir Tarasenko wins face-off versus Calle Jarnkrok in neutral zone. 11:37 of 1st period - Shot by Bo Horvat. 11:37 of 1st period - Stopped by Sergei Bobrovsky without a rebound. 11:38 of 1st period - Nico Sturm wins face-off versus Noah Gregor in KELOWNA ROCKETS zone. 11:57 of 1st period - Danton Heinen is hit by Jacob Larsson and loses puck. 12:27 of 1st period - Niklas Hjalmarsson is hit by Bo Horvat. 12:43 of 1st period - Shot by Andrei Svechnikov. 12:43 of 1st period - Shot Misses the Net. 12:45 of 1st period - Shot by Darnell Nurse. 12:45 of 1st period - Stopped by Sergei Bobrovsky without a rebound. 12:46 of 1st period - Anthony Cirelli wins face-off versus Calle Jarnkrok in KELOWNA ROCKETS zone. 12:46 of 1st period - Anthony Cirelli is hit by Mason Marchment. 14:08 of 1st period - Off-side. 14:09 of 1st period - Jason Spezza wins face-off versus Parker Kelly in neutral zone. 14:33 of 1st period - Shot by Alexander Kerfoot. 14:33 of 1st period - Stopped by Sergei Bobrovsky without a rebound. 14:34 of 1st period - Bo Horvat wins face-off versus Auston Matthews in KELOWNA ROCKETS zone. 14:39 of 1st period - Shot by Andrei Svechnikov. 14:39 of 1st period - Stopped by Sergei Bobrovsky without a rebound. 14:40 of 1st period - Auston Matthews wins face-off versus Bo Horvat in KELOWNA ROCKETS zone. 14:58 of 1st period - Tyler Bertuzzi is hit by Andrei Svechnikov. 15:06 of 1st period - Shea Weber is hit by Alexander Ovechkin and loses puck. 15:47 of 1st period - Icing by Dmitri Orlov. 15:48 of 1st period - Calle Jarnkrok wins face-off versus Auston Matthews in KELOWNA ROCKETS zone. 15:52 of 1st period - Eeli Tolvanen is hit by Kristopher Letang and loses puck. 16:10 of 1st period - Icing by Tyler Myers. 16:11 of 1st period - Anthony Cirelli wins face-off versus Calle Jarnkrok in SAN FRANCISCO SPIDERS zone. 16:18 of 1st period - Shot by Mark Giordano. 16:18 of 1st period - Deflect By Vladimir Tarasenko. 16:18 of 1st period - Stopped by Igor Shesterkin without a rebound. 16:19 of 1st period - Jason Spezza wins face-off versus Anthony Cirelli in SAN FRANCISCO SPIDERS zone. 17:02 of 1st period - Shot by Pavel Buchnevich. 17:02 of 1st period - Shot Misses the Net. 18:16 of 1st period - Icing by Jacob Larsson. 18:17 of 1st period - Bo Horvat wins face-off versus Noah Gregor in KELOWNA ROCKETS zone. 18:24 of 1st period - Shot by Bo Horvat. 18:24 of 1st period - Stopped by Sergei Bobrovsky without a rebound. 18:25 of 1st period - Nico Sturm wins face-off versus Anthony Cirelli in KELOWNA ROCKETS zone. 18:26 of 1st period - Shot by Milan Lucic. 18:26 of 1st period - Shot Misses the Net. 18:43 of 1st period - Icing by Danton Heinen. 18:44 of 1st period - Auston Matthews wins face-off versus Nico Sturm in SAN FRANCISCO SPIDERS zone. 19:07 of 1st period - Shot by Tyler Bertuzzi. 19:07 of 1st period - Shot Blocked by Nico Sturm. 19:09 of 1st period - Shot by Dmitri Orlov. 19:09 of 1st period - Shot Misses the Net. 19:11 of 1st period - Shot by Auston Matthews. 19:11 of 1st period - Shot Misses the Net. 19:13 of 1st period - Shot by Kristopher Letang. 19:13 of 1st period - Shot Misses the Net. 19:17 of 1st period - Shot by Auston Matthews. 19:17 of 1st period - Shot Misses the Net. 19:19 of 1st period - Shot by Auston Matthews. 19:19 of 1st period - Shot Misses the Net. 19:21 of 1st period - Shot by Auston Matthews. 19:21 of 1st period - Shot Misses the Net. 19:23 of 1st period - Shot by Auston Matthews. 19:23 of 1st period - Stopped by Igor Shesterkin without a rebound. 19:24 of 1st period - Anthony Cirelli wins face-off versus Bo Horvat in SAN FRANCISCO SPIDERS zone. 19:25 of 1st period - Shot by Pavel Buchnevi